 Dungeon Crawl Stone Soup version 0.25-a0-464-g3004169c2b (webtiles) character file.

Game seed: 4628881478321351313, levelgen mode: deterministic

28906 Emblim88 the Brawler (level 13, -31/198 (199) HPs)
             Began as a Troll Berserker on Feb 5, 2020.
             Was a High Priest of Trog.
             Hit by a javelin thrown by a minotaur (39 damage)
             ... in a Gauntlet.
             The game lasted 00:31:14 (12910 turns).

Emblim88 the Brawler (Troll Berserker)             Turns: 12910, Time: 00:31:14

HP:   -31/198 (199) AC:  9    Str: 37    XL:     13   Next: 12%
MP:   14/14         EV: 20    Int:  3    God:    Trog [*****.]
Gold: 825           SH: 16    Dex: 12    Spells: 12/12 levels left

rFire    . . .     SeeInvis +     - Unarmed
rCold    . . .     Gourm    +   V - +1 large shield {rPois}
rNeg     . . .     Faith    .   g - +0 steam dragon scales
rPois    +         Spirit   .   (helmet restricted)
rElec    .         Reflect  .   S - scarf {repulsion}
rCorr    .         Harm     .   (gloves unavailable)
MR       .....     NoTele   +   (boots unavailable)
Stlth    ..........             T - amulet of the acrobat
HPRegen  0.83/turn              B - ring of see invisible
MPRegen  0.14/turn              p - +3 ring of dexterity

@: berserking (expiring), acrobat, repel missiles, very quick
A: large, unfitting armour, claws 3, fast metabolism 3, gourmand, regeneration
1, shaggy fur 1, tough skin 3
a: Berserk, Trog's Hand, Brothers in Arms, Renounce Religion


You were in a Gauntlet.
You worshipped Trog.
Trog was extremely pleased with you.
You were not hungry.

You visited 1 branch of the dungeon, and saw 14 of its levels.
You also visited: Sewer and Gauntlet.

You collected 825 gold pieces.

Inventory:

Hand Weapons
 x - the +9 hunting sling "Etiusa" {vorpal, rC+ Str-3 Dex+5}
   (You took it off an orc on level 4 of the Dungeon)

   Any stone fired from it inflicts extra damage.
   It affects your strength (-3).
   It affects your dexterity (+5).
   It protects you from cold.
 D - the +5 war axe of Ilohoasu {vorpal, rPois Str+4 Dex+2, unknown}
   (You found it on level 5 of the Dungeon)

   It inflicts extra damage upon your enemies.
   It affects your strength (+4).
   It affects your dexterity (+2).
   It protects you from poison.
 O - the +7 whip "Agowni" {speed, rC+++ Int+3 Dex-4, unknown}
   (You found it on level 8 of the Dungeon)

   Attacks with this weapon are significantly faster.
   It affects your intelligence (+3).
   It affects your dexterity (-4).
   It renders you almost immune to cold.
Missiles
 e - 217 sling bullets
 o - 4 boomerangs of dispersal
 t - 5 javelins
 v - 250 stones
 K - 10 boomerangs (quivered)
Armour
 g - +0 steam dragon scales (worn)
 w - a +1 cloak
 S - a scarf of repulsion (worn)
 V - a +1 large shield of poison resistance (worn)
Jewellery
 j - an uncursed ring of ice
 p - a +3 ring of dexterity (right claw)
 B - a ring of see invisible (left claw)
 I - a +3 ring of intelligence
 R - an uncursed ring of flight
 T - an amulet of the acrobat (around neck)
 W - an uncursed amulet of the gourmand {unknown}
Wands
 q - a wand of digging (7)
 s - a wand of enslavement (5)
 y - a wand of random effects (16)
 G - a wand of polymorph (10)
 J - a wand of acid (5)
 M - a wand of iceblast (15)
Scrolls
 a - 2 scrolls of enchant armour {unknown}
 c - 7 scrolls of remove curse
 h - 3 scrolls of enchant weapon
 i - 6 scrolls of teleportation
 n - 2 scrolls of noise
 A - 2 scrolls of fear
 P - a scroll of fog
 U - a scroll of brand weapon {unknown}
Potions
 d - 2 potions of lignification
 f - 2 potions of ambrosia
 k - 5 potions of flight {unknown}
 l - a potion of might
 m - 2 potions of brilliance
 r - 7 potions of curing
 u - 5 potions of mutation {unknown}
 z - 2 potions of heal wounds
 C - 2 potions of cancellation
 E - a potion of haste
 F - 3 potions of resistance {unknown}
 H - 3 potions of agility {unknown}
 L - a potion of berserk rage
 N - a potion of invisibility
 Q - a potion of magic {unknown}
Comestibles
 b - 20 rations


   Skills:
 + Level 9.8 Fighting
 - Level 9.4 Throwing
 - Level 2.4 Dodging
 * Level 0.0 Shields
 * Level 15.3 Unarmed Combat
 - Level 3.8 Evocations


You had 12 spell levels left.
You didn't know any spells.
Your spell library was empty.

Dungeon Overview and Level Annotations

Branches:
Dungeon (14/15)            Temple (0/1) D:4            Lair (0/6) D:9
    Orc (0/2) D:10         Vaults (0/5) D:13          Sewer (visited)
Gauntlet (1/1)

Altars:
Elyvilon
Wu Jian
Beogh

Annotations:
Gauntlet 8 transporters, 2 runed translucent doors, exclusion: lightning spire


Innate Abilities, Weirdness & Mutations

You are too large for most types of armour.
You have claws for hands.
Your metabolism is lightning-fast.
You like to eat raw meat.
Your natural rate of healing is unusually fast.
You are covered in fur. (AC +1)
You have extremely tough skin. (AC +3)


Message History

You scratch the minotaur.
The minotaur is almost dead.
The minotaur hits you with the +12 Vampire's Tooth {vamp}!
* * * LOW HITPOINT WARNING * * *
The minotaur draws strength from your wounds!
The minotaur gores you but does no damage.
Your shield prevents you from hitting the minotaur.
The minotaur is severely wounded.
Your shield prevents you from hitting the minotaur.
The minotaur is severely wounded.
The minotaur hits you with the +12 Vampire's Tooth {vamp}!!
* * * LOW HITPOINT WARNING * * *
The minotaur draws strength from your wounds!
You block the minotaur's attack.
You claw the minotaur!
The minotaur is heavily wounded.
You block the minotaur's attack. The minotaur gores you!
* * * LOW HITPOINT WARNING * * *
The minotaur throws a javelin.
The javelin pierces through you!!!
You die...

######### #.......#
#.#####.# #.#.. #.#
#.#.# #.# #.#.# #.#
#.#H# #.# #.#.###.#
#.#.@...# #.#######
#.....# #####.#
#########.########
#.................
#.♣.♣.©.©.©.©.♣.♣
#................ ##
###
#####################
###


You could see a minotaur.

Vanquished Creatures
  An ironheart preserver (D:13)
  A centaur warrior (D:13)
  3 hydras
  2 two-headed ogres
  Erica (D:9)
  An unseen horror (D:11)
  A harpy (shapeshifter) (Gauntlet)
  An orb spider (shapeshifter) (Gauntlet)
  Pikel (D:5)
  3 ugly things
  A manticore (D:13)
  A deep elf mage (D:13)
  3 centaur zombies
  Maggie (D:7)
  An efreet (D:11)
  A komodo dragon (D:13)
  4 trolls
  Grinder (D:5)
  3 hornets
  6 slime creatures (D:12)
  A raiju (Gauntlet)
  2 hippogriffs
  A wraith (D:13)
  8 shadows
  9 yaks
  A vampire (D:10)
  A basilisk (D:12)
  4 wyverns
  3 steam dragons
  5 hungry ghosts
  Edmund (D:5)
  A water moccasin (D:14)
  An acid dragon (D:12)
  A water moccasin (shapeshifter) (Gauntlet)
  Duvessa (D:4)
  A hornet zombie (D:13)
  6 orc warriors
  An eye of draining (D:14)
  2 phantoms
  3 sky beasts
  Purgy (Sewer)
  7 ice beasts
  2 black bears
  The ghost of Conn the Chiller, an amateur DDIE (D:4)
  A necrophage (D:6)
  An ice beast (shapeshifter) (D:13)
  6 ogres
  11 centaurs
  6 bullfrogs
  3 big kobolds
  Dowan (D:4)
  A wyvern skeleton (D:6)
  6 scorpions
  3 spriggan skeletons (D:9)
  12 wights
  A howler monkey (D:9)
  3 quasits
  3 crimson imps
  A bullfrog zombie (D:13)
  4 hounds
  9 orc wizards
  10 orc priests
  Crazy Yiuf (D:4)
  7 centaur skeletons
  2 jellies
  3 bullfrog skeletons
  3 iguanas
  20 worker ants
  3 hound skeletons
  3 gnolls (D:6)
  12 adders
  4 shadow imps
  An adder zombie (D:5)
  2 adder skeletons
  2 worms
  4 dart slugs
  5 leopard geckos
  54 orcs
  4 bats
  3 giant cockroaches
  9 hobgoblins
  18 jackals
  29 kobolds
  4 quokkas
  5 frilled lizards
  13 goblins
  A jackal skeleton (D:5)
  A leopard gecko skeleton (D:4)
  15 rats
411 creatures vanquished.

Vanquished Creatures (others)
  A quokka skeleton (D:5)
  A fungus (D:7)
2 creatures vanquished.

Grand Total: 413 creatures vanquished

Notes
Turn   | Place    | Note
-------+----------+-------------------------------------------
     0 | D:1      | Emblim88 the Troll Berserker began the quest for the Orb.
     0 | D:1      | Reached XP level 1. HP: 22/22 MP: 0/0
    61 | D:1      | Reached XP level 2. HP: 29/29 MP: 1/1
   659 | D:2      | Reached skill level 4 in Unarmed Combat
   659 | D:2      | Reached XP level 3. HP: 29/36 MP: 2/2
   816 | D:2      | Reached ** piety under Trog
   860 | D:2      | Reached XP level 4. HP: 39/45 MP: 3/3
  1700 | D:3      | Reached skill level 5 in Unarmed Combat
  1700 | D:3      | Reached XP level 5. HP: 41/53 MP: 4/4
  1837 | D:3      | Noticed a wyvern
  1839 | D:3      | Killed a wyvern
  1839 | D:3      | Reached XP level 6. HP: 56/62 MP: 5/5
  2156 | D:4      | Reached skill level 6 in Unarmed Combat
  2183 | D:4      | Noticed Duvessa
  2184 | D:4      | Noticed Dowan
  2194 | D:4      | Killed Duvessa
  2195 | D:4      | Killed Dowan
  2199 | D:4      | Reached XP level 7. HP: 70/70 MP: 6/6
  2235 | D:4      | Found a staircase to the Ecumenical Temple.
  2279 | D:4      | Reached skill level 7 in Unarmed Combat
  2307 | D:4      | Found a runed translucent gate.
  2308 | D:4      | Noticed Conn's ghost (amateur DDIE)
  2367 | D:4      | Reached *** piety under Trog
  2495 | D:4      | Found a runed translucent gate.
  2495 | D:4      | Identified the +9 hunting sling "Etiusa" {vorpal, rC+ Str-3
                  | Dex+5}
  2495 | D:4      | Identified the +0 chain mail of Yptyufakk {rF+++ MR+ MP+9
                  | Dex-5}
  2496 | D:4      | Found a runed translucent gate.
  2759 | D:4      | Found a runed translucent door.
  2760 | D:4      | Noticed Crazy Yiuf
  2937 | D:4      | Found a roughly hewn altar of Beogh.
  3012 | D:4      | Killed Crazy Yiuf
  3117 | D:4      | Killed Conn's ghost
  3117 | D:4      | Reached skill level 1 in Throwing
  3199 | D:5      | Entered Level 5 of the Dungeon
  3199 | D:5      | Noticed Pikel
  3210 | D:5      | Killed Pikel
  3210 | D:5      | Reached skill level 5 in Fighting
  3210 | D:5      | Reached skill level 8 in Unarmed Combat
  3210 | D:5      | Reached XP level 8. HP: 47/80 MP: 7/7
  3260 | D:5      | Noticed Edmund
  3269 | D:5      | Killed Edmund
  3371 | D:5      | Reached skill level 9 in Unarmed Combat
  3505 | D:5      | Got a bloodstained war axe
  3540 | D:5      | Noticed Grinder
  3546 | D:5      | Killed Grinder
  3546 | D:5      | Reached XP level 9. HP: 76/89 MP: 8/8
  3725 | D:5      | Found a glowing drain.
  3729 | Sewer    | Entered a sewer
  3732 | Sewer    | Noticed Purgy
  3739 | Sewer    | Killed Purgy
  4008 | D:6      | Reached **** piety under Trog
  4426 | D:6      | Reached skill level 10 in Unarmed Combat
  5379 | D:7      | Reached skill level 5 in Throwing
  5737 | D:7      | Reached skill level 11 in Unarmed Combat
  5973 | D:7      | Noticed Maggie
  5984 | D:7      | Killed Maggie
  5984 | D:7      | Reached XP level 10. HP: 79/99 MP: 9/9
  6983 | D:8      | Reached ***** piety under Trog
  6983 | D:8      | Received a gift from Trog
  7146 | D:8      | Got a scorched whip
  7340 | D:8      | You fall into a shaft and drop 2 floors!
  7340 | D:10     | Entered Level 10 of the Dungeon
  7353 | D:10     | Noticed a two-headed ogre
  7362 | D:10     | Killed a two-headed ogre
  7500 | D:9      | Reached skill level 12 in Unarmed Combat
  7861 | D:9      | Found an ornate altar of the Wu Jian Council.
  7871 | D:9      | Noticed Erica
  7879 | D:9      | Killed Erica
  7940 | D:9      | Found a staircase to the Lair.
  8031 | D:9      | Reached XP level 11. HP: 109/110 MP: 10/10
  8346 | D:10     | Found a staircase to the Orcish Mines.
  8577 | D:10     | Received a gift from Trog
  8649 | D:10     | Reached skill level 13 in Unarmed Combat
  9398 | D:11     | Noticed an unseen horror
  9424 | D:11     | Killed an unseen horror
  9920 | D:12     | Noticed a green ugly thing
  9931 | D:12     | Killed a green ugly thing
  9944 | D:12     | Noticed a two-headed ogre
  9956 | D:12     | Killed a two-headed ogre
 10095 | D:12     | Received a gift from Trog
 10103 | D:12     | HP: 1/112 [titanic slime creature (30)]
 10284 | D:12     | Reached skill level 14 in Unarmed Combat
 10284 | D:12     | Reached XP level 12. HP: 121/121 MP: 11/11
 10363 | D:12     | Reached skill level 1 in Evocations
 10609 | D:12     | Noticed a seven-headed hydra
 10620 | D:12     | Killed an 11-headed hydra
 10836 | D:13     | Noticed a five-headed hydra
 10854 | D:13     | Killed a seven-headed hydra
 11172 | D:13     | Noticed a centaur warrior
 11178 | D:13     | Killed a centaur warrior
 11178 | D:13     | Received a gift from Trog
 11234 | D:13     | Noticed an eight-headed hydra
 11238 | D:13     | Killed a ten-headed hydra
 11473 | D:13     | Found a gate to the Vaults.
 11473 | D:13     | Noticed an ironheart preserver
 11686 | D:13     | Killed an ironheart preserver
 11686 | D:13     | Reached skill level 15 in Unarmed Combat
 12093 | D:14     | Found a white marble altar of Elyvilon.
 12175 | D:14     | Reached XP level 13. HP: 131/131 MP: 9/14
 12227 | D:14     | Found a gate leading to a gauntlet.
 12249 | Gauntlet | Entered a Gauntlet
 12249 | Gauntlet | Found a transporter.
 12255 | Gauntlet | Found a runed translucent door.
 12259 | Gauntlet | Found a transporter.
 12267 | Gauntlet | Found a transporter.
 12269 | Gauntlet | Found a transporter.
 12287 | Gauntlet | Found a transporter.
 12294 | Gauntlet | Found a transporter.
 12304 | Gauntlet | Found a transporter.
 12314 | Gauntlet | Found a transporter.
 12314 | Gauntlet | Found a runed translucent door.
 12315 | Gauntlet | Found a runed translucent door.
 12317 | Gauntlet | Noticed an entropy weaver
 12328 | Gauntlet | Found a transporter.
 12343 | Gauntlet | Found a transporter.
 12344 | Gauntlet | Found a transporter.
 12352 | Gauntlet | Found a transporter.
 12390 | Gauntlet | Found a transporter.
 12404 | Gauntlet | Found a transporter.
 12890 | Gauntlet | Noticed a minotaur
 12909 | Gauntlet | HP: 7/198 [minotaur/the +12 Vampire's Tooth {vamp} (11)]
 12910 | Gauntlet | Hit by a javelin thrown by a minotaur

Levels and vault maps discovered:
D:1:      psy_arrival_terrarium, layout_loops_ring
D:2:      layout_loops_ring
D:3:      layout_loops_cross, hex_medium, grunt_ministairs_4, fountainhead
D:4:      layout_basic, minmay_temple_entry_arrows, biasface_ghost_orc_armoury,
          uniq_crazy_yiuf_cottage, uniq_duvessa
D:5:      layout_rooms, gup_sewer_entry_spiral, first_ration, uniq_edmund,
          uniq_grinder, uniq_pikel
D:6:      layout_basic, zaba_anthole
D:7:      kennysheep_steamy, layout_basic, uniq_maggie
D:8:      layout_cave_pools
D:9:      layout_rooms, lemuel_crystal_altar, lair_entry_dummy,
          hangedman_tell_no_tales, uniq_erica
D:10:     layout_stronghold, erik_orc_4
D:11:     layout_roguey
D:12:     layout_rooms
D:13:     layout_stronghold, skrybe_vaults_entry_preservation
D:14:     layout_roguey, elyvilon_altar_5, gauntlet_entry_generic
Gauntlet: minmay_gauntlet_77_tree [minmay_gauntlet_arena_77_path,
          minmay_gauntlet_arena_77_p_blocks, minmay_gauntlet_arena_77_fan,
          minmay_gauntlet_arena_77_cramped,
          minmay_gauntlet_arena_77_hold_the_fort,
          minmay_gauntlet_arena_77_two_lines,
          minmay_gauntlet_arena_77_radiant_squares, gauntlet_exit_spiral]

Skill      XL: |  1  2  3  4  5  6  7  8  9 10 11 12 |
---------------+-------------------------------------+-----
Unarmed Combat | 4 5 6 8 9 11 12 14 15 | 15.3
Fighting       | 3 4 5 6 7 8 9 |  9.8
Throwing       | 2 3 5 6 8 9 |  9.4
Evocations     | 3 |  3.8
Dodging        | |  2.4

Action                   |  1- 3 |  4- 6 |  7- 9 | 10-12 | 13-15 || total
-------------------------+-------+-------+-------+-------+-------++-------
Melee: Unarmed           |    75 |   121 |   244 |   576 |    57 ||  1073
       Punch             |       |     4 |    14 |    52 |     3 ||    73
 Fire: Hunting sling     |       |       |    53 |    33 |       ||    86
Throw: Boomerang         |       |       |     6 |    44 |       ||    50
       Dart              |       |       |     1 |       |       ||     1
       Javelin           |       |       |       |     2 |       ||     2
Invok: Berserk           |       |     1 |     1 |     5 |     1 ||     8
       Trog's Hand       |       |       |     1 |       |       ||     1
Evoke: Wand              |       |       |       |     2 |       ||     2
  Use: Scroll            |       |       |     9 |    10 |       ||    19
       Potion            |       |       |       |     1 |       ||     1
 Stab: Sleeping          |     1 |     1 |     2 |     1 |       ||     5
       Distracted        |       |       |       |     1 |       ||     1
  Eat: Chunk             |     5 |    13 |    37 |    73 |     1 ||   129
       Ration            |       |       |     2 |     3 |       ||     5
Armor: Animal skin       |    23 |    50 |    85 |       |       ||   158
       Steam dragon scal |       |       |       |   241 |    10 ||   251
Dodge: Dodged            |    22 |    57 |   122 |   274 |    17 ||   492
Block: Large shield      |       |       |       |       |    10 ||    10

Table legend:
 A = Non-vault XP
 B = Vault XP
 C = Vault XP percentage of total XP
 D = Non-vault monster count
 E = Vault monster count
 F = Vault count percentage of total count
                 A         B        C        D         E       F
            +---------+---------+-------+---------+---------+-------
      Total |   30789 |   10506 |  25.4 |     330 |      81 |  19.7
            +---------+---------+-------+---------+---------+-------
        D:1 |      38 |       0 |   0.0 |      23 |       0 |   0.0
        D:2 |      83 |       0 |   0.0 |      21 |       0 |   0.0
        D:3 |     279 |      15 |   5.1 |      27 |       2 |   6.9
        D:4 |     272 |     486 |  64.1 |      14 |      14 |  50.0
        D:5 |     776 |    1070 |  58.0 |      14 |       9 |  39.1
        D:6 |    1229 |     166 |  11.9 |      34 |       5 |  12.8
        D:7 |    1029 |     775 |  43.0 |      23 |       3 |  11.5
        D:8 |     848 |       0 |   0.0 |      11 |       0 |   0.0
        D:9 |    2008 |    1366 |  40.5 |      25 |       9 |  26.5
       D:10 |    4782 |     408 |   7.9 |      43 |      13 |  23.2
       D:11 |    1844 |       0 |   0.0 |       9 |       0 |   0.0
       D:12 |    7760 |     180 |   2.3 |      37 |       1 |   2.6
       D:13 |    7944 |    2740 |  25.6 |      37 |       8 |  17.8
       D:14 |    1897 |       0 |   0.0 |      12 |       0 |   0.0
      Sewer |       0 |     134 | 100.0 |       0 |       6 | 100.0
   Gauntlet |       0 |    3166 | 100.0 |       0 |      11 | 100.0
            +---------+---------+-------+---------+---------+-------
